 Dungeon Crawl Stone Soup version 0.19.0-18-g426998a (webtiles) character file.

14433 miloradov the Thaumaturge (level 11, -6/70 HPs)
             Began as a High Elf Conjurer on Nov 9, 2016.
             Was an Elder of Vehumet.
             Shot with an arrow by Nessos (7 damage)
             ... on level 4 of the Lair of Beasts on Nov 11, 2016.
             The game lasted 02:32:00 (15521 turns).

miloradov the Thaumaturge (High Elf Conjurer)      Turns: 15521, Time: 02:32:01

Health: -6/70      AC: 13    Str:  8    XL:     11   Next: 88%
Magic:  27/28      EV: 15    Int: 24    God:    Vehumet [****..]
Gold:   669        SH:  0    Dex: 19    Spells: 8 memorised, 11 levels left

rFire  . . .     SeeInvis .     a - +3 long sword of Watwuy {freeze, +Blink}
rCold  + . .     Gourm    .     X - +3 leather armour {rN+}
rNeg   + . .     Faith    .     (no shield)
rPois  +         Spirit   .     N - +2 helmet
rElec  .         Reflect  .     (no cloak)
rCorr  .         Harm     .     w - +1 pair of gloves
MR     +....     Clarity  +     f - +0 pair of boots
Stlth  +++.......               G - amulet of magic regeneration
                                L - ring of poison resistance
                                i - ring "Xeghut" {rC+ Int+3 Slay+3}

@: no status effects
A: clarity, clever 1, wild magic 1
a: Renounce Religion, Evoke Blink


You were on level 4 of the Lair of Beasts.
You worshipped Vehumet.
Vehumet was greatly pleased with you.
You were not hungry.

You visited 3 branches of the dungeon, and saw 14 of its levels.
You also visited: Labyrinth.

You collected 669 gold pieces.

Inventory:

Hand Weapons
 a - the +3 long sword of Watwuy (weapon) {freeze, +Blink}
   (You found it in a labyrinth)

   It has been specially enchanted to freeze those struck by it, causing extra
   injury to most foes and up to half again as much damage against particularly
   susceptible opponents.
   It can also slow down cold-blooded creatures.
   It lets you blink.
 b - a +0 shortbow
 e - a +5 dagger of freezing
 n - a +0 blowgun
 H - a +2 dagger of speed
Missiles
 r - 4 tomahawks (quivered)
 u - 49 poisoned needles
 D - 50 arrows
 S - 10 curare-tipped needles
Armour
 f - a +0 pair of boots (worn)
 w - a +1 pair of gloves (worn)
 N - a +2 helmet (worn)
 X - a +3 leather armour of positive energy (worn)
Magical Staves
 j - an uncursed staff of cold
 I - an uncursed staff of air
Rods
 Z - a +2 lightning rod (13/13)
   (You found it in a labyrinth)
Jewellery
 i - the ring "Xeghut" (left hand) {rC+ Int+3 Slay+3}
   (You found it in a labyrinth)

   [ring of intelligence]

   It affects your intelligence (+3).
   It affects your accuracy and damage with ranged weapons and melee attacks
   (+3).
   It protects you from cold.
 C - an uncursed ring of stealth
 G - an amulet of magic regeneration (around neck)
 L - a ring of poison resistance (right hand)
 P - an uncursed ring of resist corrosion
 V - a +3 ring of dexterity
Wands
 E - a wand of polymorph (13/24)
 K - a wand of iceblast (7/15)
 U - a wand of iceblast (2/15)
Scrolls
 d - a scroll of amnesia
 k - 2 scrolls of vulnerability {unknown}
 l - 4 scrolls of remove curse
 p - a scroll of fog
 z - 2 scrolls of immolation {unknown}
 Q - 2 scrolls of enchant weapon {unknown}
Potions
 o - 4 potions of agility
 x - a potion of ambrosia {unknown}
 M - 2 potions of resistance
 R - a potion of might {unknown}
Books
 s - a book of the Tempests

   Spells                             Type                      Level
   a - Static Discharge               Conjuration/Air              3
   b - Lightning Bolt                 Conjuration/Air              5
   c - Fireball                       Conjuration/Fire             5
   d - Tornado                        Air                          9
   e - Shatter                        Earth                        9
 v - a book of Conjurations

   Spells                             Type                      Level
   a - Magic Dart                     Conjuration                  1
   b - Searing Ray                    Conjuration                  2
   c - Dazzling Spray                 Conjuration/Hexes            3
   d - Fulminant Prism                Conjuration/Hexes            4
   e - Iskenderun's Mystic Blast      Conjuration                  4
   f - Iskenderun's Battlesphere      Conjuration/Charms           5
 F - a book of Enchantments

   Spells                             Type                      Level
   a - Cause Fear                     Hexes                        4
   b - Yara's Violent Unravelling     Hexes/Transmutation          5
   c - Silence                        Hexes/Air                    5
   d - Deflect Missiles               Charms/Air                   6
   e - Discord                        Hexes                        8
 Y - a book of Battle

   Spells                             Type                      Level
   a - Infusion                       Charms                       1
   b - Shroud of Golubria             Charms/Translocation         2
   c - Song of Slaying                Charms                       2
   d - Spectral Weapon                Hexes/Charms                 3
   e - Regeneration                   Charms/Necromancy            3
Miscellaneous
 T - a sack of spiders
Comestibles
 c - 8 bread rations
 q - 5 meat rations
 B - 11 royal jellies
 W - 2 fruits


   Skills:
 + Level 4.3 Fighting
 + Level 6.7(6.8) Short Blades
 + Level 1.3(4.4) Long Blades
 + Level 2.0 Throwing
 + Level 3.8 Armour
 + Level 5.6 Dodging
 - Level 5.0 Stealth
 * Level 12.5 Spellcasting
 + Level 10.7 Conjurations
 + Level 1.4 Hexes
 * Level 4.3 Charms
 + Level 3.5 Ice Magic
 * Level 4.3 Air Magic
 * Level 0.6 Evocations


You had 11 spell levels left.
You knew the following spells:

 Your Spells              Type           Power        Failure   Level  Hunger
a - Magic Dart            Conj           ####         1%          1    None
b - Searing Ray           Conj           ######       1%          2    None
c - Iskenderun's Mystic   Conj           ######..     1%          4    None
d - Iskenderun's Battles  Conj/Chrm      ######..     4%          5    ###....
e - Freeze                Ice            ####         1%          1    None
f - Fulminant Prism       Conj/Hex       ######....   2%          4    None
g - Lightning Bolt        Conj/Air       ######....   4%          5    ###....
h - Throw Frost           Conj/Ice       ######       1%          2    None


Dungeon Overview and Level Annotations

Branches:
Dungeon (8/15)             Temple (1/1) D:5            Lair (5/6) D:8
  Swamp (0/4) Lair:3       Spider (0/4) Lair:4        Slime (0/5) Lair:5

Altars:
Cheibriados
Dithmenos
Elyvilon
Fedhas
Gozag
Hepliaklqana
Kikubaaqudgha
Makhleb
Nemelex Xobeh
Okawaru
Qazlal
Sif Muna
Trog
Uskayaw
Vehumet
Xom
Yredelemnul
Zin
The Shining One

Shops:
D:4 =   D:7 (

Annotations:
D:4 Millan's ghost, amateur DsGl
D:7 Joseph; Pikel
Lair:4 Nessos


Innate Abilities, Weirdness & Mutations

You possess an exceptional clarity of mind.
Your mind is acute. (Int +2)
Your spells are a little harder to cast, but a little more powerful.


Message History

* * * LOW HITPOINT WARNING * * *
The arrow burns you.
You are lethally poisoned!
* * * LOW HITPOINT WARNING * * *
You see here 2 arrows.
Okay, then.
Okay, then.
You feel better.
Nessos blinks!
The porcupine closely misses you.
You blink.
You feel slightly more hungry.
The jumping spider hisses angrily.
Nessos unwields an uncursed longbow of flaming.
It stops flaming.
Nessos misses you. Nessos barely misses you.
Okay, then.
You feel better. Nessos hits you.
Nessos blinks!
You blink.
You feel slightly more hungry.
Nessos wields an uncursed longbow of flaming.
It bursts into flame!
Nessos shoots an arrow.
The arrow hits you!!
* * * LOW HITPOINT WARNING * * *
The arrow burns you!
You die...

.......P.<≈.≈≈.S≈.≈##
.......#...≈≈≈s≈≈≈.c#
..............s.....#
....................#
....................##
.....................#
...^.....###..#...§..###
...#......#
.##...#....###
..........#
##.@..##Sr#.#
........#.# ##.### #(.#
# .......#### ...
#..#### ##. #s.....#
#..## ##..#P##..#
..#.#..# ..P# ##....#.#.
........# ...P#
###.....P..# ..s....#..
#...# #.#P.........#
......#... ###..
............## .....###.
#.....#.##.....##


You could see Nessos, a jumping spider and a redback.

Vanquished Creatures
  A minotaur (Lab)
  A hydra (Lair:2)
  A queen ant (Lair:2)
  Sonja (Lair:1)
  The ghost of dracos369 the Spear-Bearer, a novice MfAK of Lugonu (D:8)
  A black mamba (Lair:5)
  5 spiny frogs (Lair:1)
  A queen bee (D:8)
  A polar bear (Lair:5)
  A hippogriff (D:7)
  7 hungry ghosts
  10 yaks
  3 basilisks
  A wyvern (Lair:1)
  5 soldier ants (Lair:2)
  A floating eye (D:7)
  2 porcupines
  2 water moccasins (Lair:2)
  3 orc warriors
  A sky beast (D:7)
  3 ice beasts
  5 ogres
  2 slaves (D:7)
  2 phantoms (D:7)
  A centaur (D:6)
  A necrophage (D:7)
  4 wolves (Lair:3)
  2 crocodiles
  9 bullfrogs
  7 scorpions
  16 killer bees
  4 howler monkeys (D:8)
  5 wights (D:7)
  2 crimson imps
  2 hounds
  A jelly (D:8)
  7 orc wizards
  2 bullfrog skeletons
  5 orc priests
  3 iguanas
  13 worker ants
  A hound skeleton (D:5)
  2 gnolls (D:1)
  11 adders
  2 shadow imps
  3 adder skeletons
  8 worms
  2 dart slugs (D:1)
  6 leopard geckos
  28 orcs
  2 ball pythons
  10 bats
  3 giant cockroaches
  11 hobgoblins
  14 jackals
  15 kobolds
  3 quokkas
  3 frilled lizards
  6 goblins
  A leopard gecko zombie (D:7)
  A quokka skeleton (D:6)
  2 quokka zombies (D:7)
  10 rats
289 creatures vanquished.

Vanquished Creatures (others)
  A bush (Lair:3)
  13 fulminant prisms
  3 fungi
  32 plants
49 creatures vanquished.

Grand Total: 338 creatures vanquished

Notes
Turn   | Place    | Note
-------+----------+-------------------------------------------
     0 | D:1      | miloradov the High Elf Conjurer began the quest for the Orb.
     0 | D:1      | Reached XP level 1. HP: 11/11 MP: 4/4
    29 | D:1      | Reached XP level 2. HP: 17/17 MP: 0/6
   232 | D:1      | Reached skill level 5 in Conjurations
   366 | D:1      | Learned a level 2 spell: Searing Ray
   708 | D:1      | Reached XP level 3. HP: 11/21 MP: 4/7
  1704 | D:2      | Reached XP level 4. HP: 24/27 MP: 9/9
  1710 | D:2      | Learned a level 4 spell: Iskenderun's Mystic Blast
  1749 | D:2      | Gained mutation: Your mind is acute. (Int +2) [potion of mutation]
  1749 | D:2      | Gained mutation: Your spells are a little harder to cast, but a little more powerful. [potion of mutation]
  1749 | D:2      | Gained mutation: You possess an exceptional clarity of mind. [potion of mutation]
  1751 | D:2      | Reached skill level 3 in Spellcasting
  2389 | D:2      | Found a radiant altar of Vehumet.
  2395 | D:2      | Became a worshipper of Vehumet
  2495 | D:2      | Reached skill level 1 in Short Blades
  2604 | D:3      | Reached XP level 5. HP: 32/32 MP: 9/11
  2652 | D:3      | Upgraded the game from 0.19.0-11-g3fc08b3 to 0.19.0-16-g73b5abf
  3210 | D:3      | Noticed a moth of wrath
  3213 | D:3      | Found a bloodstained altar of Trog.
  3662 | D:4      | Reached * piety under Vehumet
  3662 | D:4      | Offered knowledge of Sting by Vehumet.
  3711 | D:4      | Reached skill level 4 in Spellcasting
  3711 | D:4      | Reached XP level 6. HP: 37/37 MP: 7/13
  3839 | D:4      | Noticed Millan's ghost (amateur DsGl)
  3953 | D:4      | Found a white marble altar of Elyvilon.
  4015 | D:4      | Learned a level 5 spell: Iskenderun's Battlesphere
  4067 | D:4      | Found Vatham Jix's Jewellery Emporium.
  4135 | D:4      | Found a burning altar of Makhleb.
  4317 | D:5      | Entered Level 5 of the Dungeon
  4353 | D:5      | Noticed an ice beast
  4364 | D:5      | Killed an ice beast
  4364 | D:5      | Reached skill level 1 in Fighting
  4548 | D:5      | Found a staircase to the Ecumenical Temple.
  4639 | Temple   | Entered the Ecumenical Temple
  5119 | D:5      | Reached XP level 7. HP: 43/43 MP: 10/15
  5558 | D:6      | Reached skill level 1 in Throwing
  5558 | D:6      | Reached skill level 5 in Spellcasting
  5878 | D:6      | Found a blossoming altar of Fedhas.
  5963 | D:6      | Reached skill level 1 in Armour
  6319 | D:6      | Reached ** piety under Vehumet
  6319 | D:6      | Offered knowledge of Freeze by Vehumet.
  6319 | D:6      | Reached skill level 6 in Spellcasting
  6319 | D:6      | Reached XP level 8. HP: 41/48 MP: 8/18
  6430 | D:6      | Learned a level 1 spell: Freeze
  6435 | D:6      | Learned a level 4 spell: Fulminant Prism
  7057 | D:7      | Found Xeblev's Weapon Emporium.
  7328 | D:7      | Noticed Joseph
  7381 | D:7      | Noticed Pikel
  7491 | D:7      | Reached skill level 7 in Spellcasting
  7491 | D:7      | Reached skill level 1 in Ice Magic
  7530 | D:7      | Reached skill level 1 in Hexes
  7543 | D:7      | Noticed a hippogriff
  7689 | D:7      | Noticed a hippogriff
  7695 | D:7      | a hippogriff changed into a floating eye
  7910 | D:7      | Reached XP level 9. HP: 54/54 MP: 18/21
  8262 | D:7      | Learned a level 5 spell: Lightning Bolt
  8435 | D:7      | Reached skill level 8 in Spellcasting
  8435 | D:7      | Offered knowledge of Throw Frost by Vehumet.
  8449 | D:7      | Reached skill level 5 in Short Blades
  8522 | D:7      | Reached *** piety under Vehumet
  8947 | D:8      | Learned a level 2 spell: Throw Frost
  8988 | D:8      | Found a shadowy altar of Dithmenos.
  9030 | D:8      | Offered knowledge of Ignite Poison by Vehumet.
  9053 | D:8      | Reached skill level 5 in Stealth
  9057 | D:8      | Noticed a queen bee
  9244 | D:8      | Reached skill level 9 in Spellcasting
  9571 | D:8      | Reached XP level 10. HP: 54/63 MP: 22/24
  9665 | D:8      | Noticed dracos369's ghost (novice MfAK)
 10317 | D:8      | Reached **** piety under Vehumet
 10684 | D:8      | Offered knowledge of Venom Bolt by Vehumet.
 10729 | D:8      | Found a staircase to the Lair.
 10810 | D:8      | Killed dracos369's ghost
 10810 | D:8      | Reached skill level 10 in Spellcasting
 10810 | D:8      | Reached skill level 1 in Air Magic
 10842 | Lair:1   | Entered Level 1 of the Lair of Beasts
 10847 | Lair:1   | Reached skill level 5 in Dodging
 10874 | Lair:1   | Noticed Sonja
 10879 | Lair:1   | Killed Sonja
 10879 | Lair:1   | Reached skill level 10 in Conjurations
 10879 | Lair:1   | Reached skill level 1 in Charms
 10887 | Lair:1   | Noticed a spiny frog
 10906 | Lair:1   | Noticed a spiny frog
 10910 | Lair:1   | Killed a spiny frog
 10978 | Lair:1   | Noticed a spiny frog
 10995 | Lair:1   | Killed a spiny frog
 11239 | Lair:1   | Noticed a spiny frog
 11260 | Lair:1   | Killed a spiny frog
 11266 | Lair:1   | Killed a spiny frog
 11266 | Lair:1   | Reached skill level 11 in Spellcasting
 11266 | Lair:1   | Reached XP level 11. HP: 34/68 MP: 17/27
 11987 | Lair:2   | Noticed an eight-headed hydra
 12039 | Lair:2   | Noticed a six-headed hydra
 12241 | Lair:2   | Found a labyrinth entrance.
 12250 | Lab      | Entered a labyrinth
 13095 | Lab      | Found an exit through the horrors of the Abyss.
 13564 | Lab      | Upgraded the game from 0.19.0-16-g73b5abf to 0.19.0-18-g426998a
 13802 | Lab      | Noticed a minotaur
 13804 | Lab      | Killed a minotaur
 13829 | Lab      | Got a glittering steel ring
 13839 | Lab      | Identified the ring "Xeghut" {rC+ Int+3 Slay+3} (You found it in a labyrinth)
 13876 | Lab      | Got an iridescent long sword
 13877 | Lab      | Identified the cursed +3 long sword of Watwuy {freeze, +Blink} (You found it in a labyrinth)
 13881 | Lab      | Got a transparent great sword
 13883 | Lab      | Identified the cursed +1 great sword of Hurubeonn {slice, MP+9} (You found it in a labyrinth)
 14073 | Lair:2   | Killed an eight-headed hydra
 14085 | Lair:2   | Noticed a queen ant
 14098 | Lair:2   | Killed a queen ant
 14098 | Lair:2   | Reached skill level 12 in Spellcasting
 14767 | Lair:3   | Noticed a death yak
 14768 | Lair:3   | Noticed a death yak
 14769 | Lair:3   | Found a staircase to the Swamp.
 14770 | Lair:3   | Noticed a death yak
 14780 | Lair:3   | Reached skill level 1 in Long Blades
 14826 | Lair:4   | Found a hole to the Spider Nest.
 14845 | Lair:4   | HP: 2/70 [black mamba (4)]
 15448 | Lair:5   | Found a staircase to the Slime Pits.
 15513 | Lair:4   | Noticed Nessos
 15521 | Lair:4   | HP: 1/70 [Nessos/arrow (25)]
 15521 | Lair:4   | Shot with an arrow by Nessos

Skill      XL: |  1  2  3  4  5  6  7  8  9 10 11 |
---------------+----------------------------------+-----
Conjurations   | 5 6 7 8 9 10 | 10.7
Spellcasting   | 3 4 6 7 9 11 12 | 12.5
Short Blades   | 1 2 3 4 5 6 |  6.7
Dodging        | 3 4 5 |  5.6
Stealth        | 3 4 5 |  5.0
Fighting       | 1 3 4 |  4.3
Throwing       | 1 2 |  2.0
Armour         | 1 2 3 |  3.8
Ice Magic      | 1 2 3 |  3.5
Hexes          | 1 |  1.4
Air Magic      | 1 4 |  4.3
Charms         | 1 4 |  4.3
Long Blades    | 1 |  1.3
Evocations     | |  0.6

Action                   |  1- 3 |  4- 6 |  7- 9 | 10-12 || total
-------------------------+-------+-------+-------+-------++-------
Melee: Dagger            |    39 |       |   229 |   107 ||   375
       Short sword       |     3 |    88 |     1 |       ||    92
       Long sword        |       |       |       |    28 ||    28
 Fire: Blowgun           |       |    11 |     2 |       ||    13
Throw: Tomahawk          |       |       |     1 |       ||     1
 Cast: Magic Dart        |    67 |    95 |    98 |    89 ||   349
       Searing Ray       |     1 |    12 |    18 |    11 ||    42
       Iskenderun's Myst |       |     4 |    20 |    11 ||    35
       Freeze            |       |       |     5 |    30 ||    35
       Fulminant Prism   |       |       |     4 |     9 ||    13
       Lightning Bolt    |       |       |     6 |    18 ||    24
       Throw Frost       |       |       |     1 |    11 ||    12
       Iskenderun's Batt |       |       |       |    14 ||    14
 Abil: Evoke Blink       |       |       |       |     9 ||     9
Evoke: Wand              |       |       |     2 |     1 ||     3
  Use: Scroll            |       |     6 |    11 |    16 ||    33
       Potion            |       |     1 |     2 |     9 ||    12
 Stab: Sleeping          |     2 |     2 |     3 |     7 ||    14
       Distracted        |       |       |       |     1 ||     1
  Eat: Chunk             |     2 |    10 |     9 |     8 ||    29
       Pizza             |       |     1 |     3 |       ||     4
       Beef jerky        |       |       |     3 |       ||     3
       Fruit             |       |       |     1 |     7 ||     8
       Bread ration      |       |       |       |     4 ||     4
       Meat ration       |       |       |       |     1 ||     1
Armor: Robe              |    10 |    32 |       |       ||    42
       Leather armour    |       |     6 |    71 |    61 ||   138
Dodge: Dodged            |    33 |    87 |   167 |   160 ||   447
       Rpst.: Long sword |       |       |       |    27 ||    27
